 Dungeon Crawl Stone Soup version 0.26.0-11-g8f856b5395 (webtiles) character file.

Game seed: 3653066775293023196

3875 Destapler the Shield-Bearer (level 10, -12/100 HPs)
             Began as a Troll Fighter on Jan 16, 2021.
             Was a Believer of the Shining One.
             Mangled by a manticore (22 damage)
             ... on level 9 of the Dungeon.
             The game lasted 00:22:58 (8673 turns).

Destapler the Shield-Bearer (Troll Fighter)         Turns: 8673, Time: 00:22:59

Health: -12/100    AC:  9    Str: 26      XL:     10   Next: 0%
Magic:  0/12       EV: 12    Int:  4      God:    the Shining One [**....]
Gold:   469        SH: 11    Dex:  9 (10) Spells: 9/9 levels left

rFire    . . .     SeeInvis .   (no weapon)
rCold    . . .     Faith    .   c - +1 kite shield
rNeg     + . .     Spirit   +   b - +0 robe
rPois    .         Reflect  .   (helmet restricted)
rElec    .         Harm     .   w - +2 cloak
rCorr    +         Rampage  .   (gloves unavailable)
Will     +....                  (boots unavailable)
Stlth    +.........             s - amulet of guardian spirit
HPRegen  0.66/turn              k - ring of resist corrosion
MPRegen  0.13/turn              (no ring)

@: glowing
A: large, unfitting armour, antennae 1, claws 3, strong-willed 1, regeneration
1, shaggy fur 1, tough skin 3, weak 1
a: Renounce Religion, Divine Shield


You were on level 9 of the Dungeon.
You worshipped the Shining One.
The Shining One was pleased with you.
You visited 1 branch of the dungeon, and saw 9 of its levels.
You also visited: Sewer.

You collected 541 gold pieces.
You spent 72 gold pieces at shops.

Inventory:

Hand Weapons
 a - a +0 flail
 G - a +3 hand axe of electrocution
Missiles
 j - 41 poisoned darts
 n - 7 boomerangs
Armour
 b - a +0 robe (worn)
 c - a +1 kite shield (worn)
 w - a +2 cloak (worn)
Jewellery
 k - a ring of resist corrosion (left claw)
 s - an amulet of guardian spirit (around neck)
Wands
 d - a wand of iceblast (20)
 y - a wand of flame (21) (quivered)
Scrolls
 f - 9 scrolls of remove curse
 g - 2 scrolls of amnesia
 h - a scroll of fog
 i - 4 scrolls of identify
 p - 6 scrolls of teleportation
 r - a scroll of noise {unknown}
 t - a scroll of blinking
 u - a scroll of magic mapping {unknown}
 A - 2 scrolls of summoning {unknown}
 B - a scroll of acquirement {unknown}
 C - a scroll of immolation
Potions
 e - 16 potions of curing
 l - 3 potions of brilliance
 m - a potion of heal wounds
 o - 2 potions of resistance
 q - a potion of haste
 v - a potion of flight
 x - 3 potions of might
 z - a potion of mutation
 D - a potion of attraction {unknown}
 E - 2 potions of lignification {unknown}
 F - a potion of magic {unknown}


   Skills:
 + Level 6.9 Fighting
 - Level 1.7 Maces & Flails
 + Level 6.9 Dodging
 + Level 6.9 Shields
 + Level 4.8 Invocations


You had 9 spell levels left.
You didn't know any spells.
Your spell library was empty.

Dungeon Overview and Level Annotations

Branches:
Dungeon (9/15)             Temple (0/1) D:7             Orc (0/2) D:9
  Sewer (visited)
   Lair: D:8-11

Altars:
Ashenzari
Cheibriados
Dithmenos
Gozag
Hepliaklqana
Nemelex Xobeh
Qazlal
Ru
Uskayaw
Vehumet
Wu Jian
Yredelemnul
The Shining One

Shops:
D:5 =   D:6 ?


Innate Abilities, Weirdness & Mutations

You are too large for most types of armour.
You have claws for hands.
Your natural rate of healing is unusually fast.
You are covered in fur. (AC +1)
You have extremely tough skin. (AC +3)
You have a pair of small antennae on your head.
You are strong-willed. (Will+)
You are weak. (Str -2)


Message History

The puff of flame hits the manticore.
The manticore is heavily wounded.
You carefully extract the barbed spikes from your body.
You block the manticore's attack.
The manticore claws you but does no damage.
The manticore claws you.
* * * LOW HITPOINT WARNING * * *
Aiming: Throw Flame
Press: ? - help, Q - select action, (/) - cycle Shift-Dir - straight line, f/p - manticore
Aim: a manticore (heavily wounded, haloed, 13% to evade)
The puff of flame hits the manticore!
The manticore is severely wounded.
The manticore bites you!
* * * LOW HITPOINT WARNING * * *
You block the manticore's attack. x2
You are too injured to fight recklessly!
You scratch the manticore.
The manticore is severely wounded.
The manticore bites you!!
You die...

#.# #..................#
#.# ##.#
#.........###..##..#####.##
...# #...#######
#............># #### #...#
##.##...######## #...#
###...#.### #...# #.......#
######...# #.#...#.#
...รท.....######.##.##.#
########...>....@H....#
#####..............#..#
......##.###.##.##(#..#
########.# #.##.##....# #.#
#.##.##....# #.#
#.##.......# #.#
#<#####....# #.#
#.######..<# #.#
#.##.......# #########


You could see a manticore.

Vanquished Creatures
  A cyclops (D:7)
  A komodo dragon (D:8)
  Eustachio (D:5)
  5 orc warriors
  2 sky beasts
  A phantom (D:7)
  A black bear (D:7)
  3 centaurs
  A big kobold (Sewer)
  4 bullfrogs
  A water moccasin zombie (D:8)
  5 scorpions
  3 howler monkeys
  A bullfrog zombie (D:6)
  A centaur zombie (D:9)
  4 orc priests
  A jelly (D:6)
  A quasit (D:9)
  2 hounds
  Ijyb (D:5)
  An iguana (D:8)
  7 orc wizards
  9 worker ants
  A killer bee zombie (D:6)
  A hound skeleton (D:6)
  2 worker ant zombies
  11 adders
  4 gnolls (D:7)
  10 river rats
  A shadow imp (D:5)
  A white imp (D:6)
  An ufetubus (D:7)
  3 oozes
  An adder skeleton (D:4)
  11 worms
  A dart slug (D:1)
  9 leopard geckos
  30 orcs
  8 bats
  3 giant cockroaches
  5 hobgoblins
  9 jackals
  22 kobolds
  4 quokkas
  7 ball pythons
  6 frilled lizards
  6 goblins
  A leopard gecko skeleton (D:8)
  A quokka zombie (D:5)
  29 rats
245 creatures vanquished.

Vanquished Creatures (others)
  An orc (D:8)
  5 plants (D:8)
6 creatures vanquished.

Grand Total: 251 creatures vanquished

Notes
Turn   | Place    | Note
-------+----------+-------------------------------------------
     0 | D:1      | Destapler the Troll Fighter began the quest for the Orb.
     0 | D:1      | Reached XP level 1. HP: 22/22 MP: 0/0
   382 | D:1      | Reached XP level 2. HP: 29/29 MP: 1/1
   869 | D:2      | Reached XP level 3. HP: 36/36 MP: 2/2
  1175 | D:2      | Reached XP level 4. HP: 44/45 MP: 3/3
  2469 | D:3      | Reached XP level 5. HP: 53/53 MP: 4/4
  2928 | D:4      | Found a hide-covered altar of Uskayaw.
  2928 | D:4      | Found a faded altar of an unknown god.
  2935 | D:4      | Found a glowing golden altar of the Shining One.
  2937 | D:4      | Found a faded altar of an unknown god.
  2939 | D:4      | Found an opulent altar of Gozag.
  2942 | D:4      | Became a worshipper of the Shining One
  3027 | D:4      | HP: 2/53 [worker ant (5)]
  3130 | D:3      | Reached XP level 6. HP: 50/62 MP: 5/5
  3216 | D:4      | Found a snail-covered altar of Cheibriados.
  3316 | D:4      | Noticed an orc warrior
  3330 | D:4      | Killed an orc warrior
  3477 | D:4      | Reached XP level 7. HP: 63/70 MP: 4/6
  3567 | D:4      | Found a hazy altar of Hepliaklqana.
  3744 | D:5      | Entered Level 5 of the Dungeon
  3948 | D:5      | Reached * piety under the Shining One
  4137 | D:5      | Noticed Eustachio
  4162 | D:5      | Killed Eustachio
  4216 | D:5      | Reached skill level 5 in Fighting
  4216 | D:5      | Reached skill level 5 in Dodging
  4216 | D:5      | Reached skill level 5 in Shields
  4291 | D:5      | Reached XP level 8. HP: 80/80 MP: 7/7
  4522 | D:5      | Found Iciuna's Jewellery Emporium.
  4525 | D:5      | Noticed Ijyb
  4535 | D:5      | Killed Ijyb
  4986 | D:6      | Found a glowing drain.
  4993 | Sewer    | Entered a sewer
  5082 | Sewer    | Reached skill level 1 in Invocations
  5731 | D:6      | Found a sacrificial altar of Ru.
  5770 | D:6      | Found Xifirchot's Magic Scroll Boutique.
  5797 | D:6      | Gained mutation: You are weak. (Str -2) [potion of
                  | mutation]
  5797 | D:6      | Gained mutation: You have a pair of small antennae on your
                  | head. [potion of mutation]
  5797 | D:6      | Gained mutation: You are strong-willed. (Will+) [potion of
                  | mutation]
  5801 | D:6      | Bought a scroll of identify for 24 gold pieces
  5801 | D:6      | Bought a scroll of identify for 24 gold pieces
  5801 | D:6      | Bought a scroll of identify for 24 gold pieces
  6199 | D:7      | Found a basalt altar of Yredelemnul.
  6308 | D:7      | Reached XP level 9. HP: 82/89 MP: 8/10
  6464 | D:7      | Found a broken altar of Ashenzari.
  6477 | D:7      | Found a sparkling altar of Nemelex Xobeh.
  6567 | D:7      | Noticed a cyclops
  6589 | D:7      | Killed a cyclops
  6803 | D:7      | Found a staircase to the Ecumenical Temple.
  7057 | D:7      | Found a snail-covered altar of Cheibriados.
  7161 | D:8      | Reached ** piety under the Shining One
  7167 | D:8      | The Shining One protects you from harm!
  7328 | D:8      | Found a hide-covered altar of Uskayaw.
  7759 | D:8      | Noticed a komodo dragon
  7781 | D:8      | Killed a komodo dragon
  7992 | D:8      | Found a shadowy altar of Dithmenos.
  8535 | D:9      | Found an ornate altar of the Wu Jian Council.
  8536 | D:9      | Found a radiant altar of Vehumet.
  8537 | D:9      | Found a stormy altar of Qazlal.
  8541 | D:9      | Reached XP level 10. HP: 98/100 MP: 12/12
  8544 | D:9      | Found a sacrificial altar of Ru.
  8592 | D:9      | Found a staircase to the Orcish Mines.
  8659 | D:9      | Noticed a manticore
  8673 | D:9      | Mangled by a manticore

Illustrated notes

Levels and vault maps discovered:
D:1:      dpeg_chamrin_arrival_tetris, layout_basic, chequers_arboretum,
          minmay_tripent
D:2:      minmay_skewed_foursquare, layout_loops_corners, serial_aquarium,
          aquarium_bridge_square [aquarium_subvault_bridge,
          aquarium_subvault_bridge, aquarium_subvault_bridge,
          aquarium_subvault_wall], aquarium_bridge_square
          [aquarium_subvault_bridge, aquarium_subvault_bridge,
          aquarium_subvault_wall, aquarium_subvault_wall],
          aquarium_window_corridor_1, aquarium_window_1, aquarium_window_fake,
          aquarium_window_1, aquarium_view_2d, aquarium_view_2b
D:3:      layout_basic
D:4:      layout_rooms, nzn_hepliaklqana_mist_gate,
          chequers_temple_overflow_minitemple, overflow_temple_1_default
D:5:      layout_basic, serial_shops, shop, uniq_ijyb, uniq_eustachio
D:6:      layout_cave_pools, serial_shops, nicolae_shop_waterfront,
          lightli_sewer_entry_pipes, nicolae_ru_awakened_eye
D:7:      layout_loops_ring, yredelemnul_altar_generic,
          grunt_temple_overflow_open, minmay_temple_entry_mini_moons,
          basic_altar, minmay_small_thing
D:8:      layout_basic, kennysheep_mini, basic_altar, minmay_lizard_king
D:9:      layout_loops_ring, minitemple, orc_0_dummy

Skill      XL: |  1  2  3  4  5  6  7  8  9 |
---------------+----------------------------+-----
Dodging        | 3 4 5 6 |  6.9
Shields        | 3 4 5 6 |  6.9
Fighting       | 3 4 5 6 |  6.9
Invocations    | 3 4 |  4.8
Maces & Flails | |  1.7

Action                   |  1- 3 |  4- 6 |  7- 9 | 10-12 || total
-------------------------+-------+-------+-------+-------++-------
Melee: Unarmed           |   129 |   235 |   704 |     6 ||  1074
Throw: Dart              |       |       |     5 |       ||     5
       Boomerang         |       |       |     4 |       ||     4
Evoke: Wand              |       |       |     2 |     3 ||     5
  Use: Scroll            |       |     6 |    13 |       ||    19
       Potion            |       |     1 |     8 |       ||     9
 Stab: Sleeping          |       |     1 |       |       ||     1
Armor: Robe              |    56 |    69 |   243 |     3 ||   371
Dodge: Dodged            |    37 |    63 |   318 |     7 ||   425
Block: Kite shield       |    46 |   114 |   438 |    11 ||   609
